Map: Acid Plant LE

Players

taliban

  • Race: Zerg Zerg
  • Spawn Location: 11:00

fruitcake - Winner!

  • Race: Protoss Protoss
  • Spawn Location: 5:00

VOD

Have the link to the VOD?

Description

Time

  • Played on: May 9, 2018, 8:47 p.m.
  • Length: 14:17
Show
View Real Time Build Order
Export as new Build Order

taliban Zerg 

Build Orders: Pool First, Lurkers 

Get SALT Encoding   

  12  0:01  Drone  
  13  0:08  Drone  
  14  0:15  Extractor  
  14  0:16  Extractor  
  14  0:20  Drone  
  13  0:24  Drone  
  14  0:32  Overlord  
  14  0:51  Drone x2  
  16  0:58  Drone  
  17  1:07  Drone  
  18  1:18  Spawning Pool  
  18  1:24  Drone  
  18  1:29  Drone  
  19  1:39  Drone  
  20  1:50  Drone  
  21  2:01  Drone  
  22  2:15  Evolution Chamber  
  21  2:24  Queen, Roach Warren  
  21  2:29  Overlord x2  
  22  2:38  Metabolic Boost  
  22  2:45  Zerg Melee Weapons Level 1  
  22  2:50  Zergling x2  
  23  2:57  Drone x2  
  25  3:05  Lair  
  25  3:20  Roach x2  
  25  3:26  Drone  
  30  3:37  Drone x3  
  32  3:57  Spore Crawler  
  31  4:04  Burrow  
  31  4:10  Spire  
  31  4:13  Roach x3  
  36  4:38  Drone x2  
  38  4:46  Overlord  
  38  4:57  Overlord x2  
  38  5:08  Hatchery  
  37  5:14  Zergling x4  
  39  5:21  Hydralisk Den  
  39  5:26  Mutalisk x3  
  44  5:29  Mutalisk  
  46  5:48  Zerg Melee Weapons Level 2  
  46  5:51  Zergling x4  
  48  6:08  Hydralisk x4  
  56  6:21  Drone, Queen  
  59  6:56  Drone x3  
  62  7:04  Hydralisk  
  62  7:05  Hydralisk x2  
  68  7:12  Lurker Den  
  67  7:15  Overlord x2  
  67  7:16  Overlord  
  67  7:39  Ravager  
  67  7:40  Ravager  
  69  7:48  Hatchery  
  69  7:49  Corruptor  
  69  7:50  Corruptor  
  72  7:59  Drone x4  
  76  8:18  Zergling x6  
  79  8:22  Drone x5  
  84  8:35  Spore Crawler  
  84  8:38  Extractor  
  84  8:40  Extractor  
  81  8:52  Mutalisk x3  
  87  9:03  Lurker  
  88  9:15  Drone x3  
  91  9:19  Queen  
  91  9:21  Drone  
  91  9:22  Drone x2  
  96  9:46  Lurker  
  96  9:47  Lurker  
  98  9:52  Overlord  
  98  9:53  Overlord  
  98  10:19  Zerg Missile Weapons Level 1  
  98  10:23  Hydralisk x4  
  98  10:24  Hydralisk x2  
  110  10:31  Drone x3  
  113  10:57  Evolution Chamber  
  113  10:58  Drone x2  
  114  11:06  Overlord x3  
  114  11:08  Pneumatized Carapace  
  114  11:26  Lurker  
  115  11:46  Infestation Pit  
  114  11:53  Nydus Network  
  113  11:54  Corruptor x2  
  113  11:55  Corruptor x5  
  127  12:16  Zergling x14  
  127  12:17  Zergling x8  
  127  12:21  Overlord x4  
  52  12:51  Zergling x2  
  52  12:52  Zergling x12  
  52  12:53  Zergling x4  
  61  13:06  Mutalisk x2  
  61  13:07  Mutalisk x2  
  52  13:28  Mutalisk  
  52  13:29  Mutalisk  
Show
View Real Time Build Order
Export as new Build Order

fruitcake Protoss - Winner!

Build Orders: 1 Gate Expand 

Get SALT Encoding   

  1  0:00  Probe  
  12  0:05  Probe  
  14  0:20  Pylon  
  14  0:21  Probe  
  15  0:29  Assimilator  
  15  0:38  Probe  
  16  0:50  Gateway  
  16  0:54  Probe  
  17  1:06  Probe  
  18  1:21  Pylon  
  18  1:27  Nexus  
  18  1:29  Zealot  
  20  1:44  Probe  
  21  1:57  Pylon  
  21  2:05  Forge  
  21  2:18  Pylon  
  21  2:23  Zealot  
  23  2:35  Probe  
  24  2:43  Cybernetics Core  
  24  2:47  Zealot, Probe  
  27  3:01  Probe  
  27  3:04  Probe  
  27  3:05  Assimilator  
  28  3:09  Assimilator  
  29  3:12  Probe  
  29  3:13  Probe  
  29  3:14  Stalker  
  31  3:20  Assimilator  
  31  3:21  Probe  
  31  3:25  Probe  
  35  3:32  Probe  
  36  3:37  Probe  
  37  3:41  Pylon  
  37  3:42  Stalker  
  37  3:47  Robotics Facility  
  39  3:49  Probe  
  40  3:57  Warp Gate  
  40  4:01  Probe  
  41  4:04  Shield Battery  
  41  4:09  Photon Cannon  
  41  4:13  Probe  
  41  4:15  Pylon, Stalker  
  44  4:28  Probe  
  45  4:34  Probe  
  45  4:35  Observer  
  46  4:40  Probe  
  46  4:45  Stalker  
  50  4:46  Probe  
  51  4:53  Probe  
  51  4:58  Probe  
  53  5:03  Gateway  
  53  5:05  Gateway, Probe  
  53  5:07  Gateway, Probe  
  54  5:10  Gateway  
  55  5:15  Probe  
  55  5:17  Probe  
  57  5:25  Adept, Probe  
  60  5:33  Photon Cannon, Immortal  
  64  5:37  Probe  
  65  5:44  Protoss Ground Weapons Level 1  
  65  6:10  Twilight Council  
  65  6:13  Immortal  
  69  6:23  Probe  
  69  6:28  Robotics Bay  
  69  6:31  Probe  
  68  6:37  Stalker  
  71  7:01  Photon Cannon  
  71  7:07  Pylon  
  71  7:08  Pylon  
  71  7:09  Immortal  
  75  7:36  Photon Cannon  
  75  7:39  Templar Archives  
  75  7:46  Protoss Ground Weapons Level 2  
  75  7:50  Stalker x3  
  75  7:51  Zealot  
  87  8:02  Photon Cannon, Colossus  
  87  8:05  Photon Cannon  
  89  8:17  High Templar  
  91  8:24  Charge  
  91  8:27  Pylon  
  91  8:33  Pylon  
  91  8:36  Pylon  
  91  8:46  Colossus  
  91  8:51  High Templar  
  93  8:56  Zealot x3  
  105  9:19  Stargate  
  105  9:24  Colossus  
  105  9:25  High Templar, Stargate  
  105  9:27  Archon  
  107  9:35  Extended Thermal Lance  
  107  9:37  Nexus  
  113  9:49  Zealot  
  113  9:50  Zealot  
  117  10:00  Protoss Ground Weapons Level 3  
  117  10:02  Pylon  
  117  10:07  Pylon  
  117  10:09  Pylon  
  117  10:15  Probe  
  117  10:17  Observer  
  117  10:20  Probe  
  120  10:27  Probe  
  121  10:32  Zealot x3, Probe  
  128  10:38  Warp Prism  
  128  10:40  Void Ray  
  128  10:42  Phoenix  
  136  10:57  Void Ray  
  136  10:58  Gateway x2  
  136  11:00  Zealot  
  142  11:14  Pylon  
  142  11:16  Pylon  
  142  11:17  Probe x2  
  142  11:18  Probe  
  145  11:21  Colossus  
  145  11:22  Assimilator  
  151  11:25  Assimilator  
  151  11:38  High Templar x2  
  151  11:39  Zealot x2  
  159  11:56  Zealot  
  159  11:57  Zealot x2  
  159  12:00  Psionic Storm  
  165  12:09  Archon  
  165  12:14  Colossus  
  167  12:32  Stalker  
  167  12:33  Stalker x4  
  167  12:34  Stalker  
  119  12:56  Void Ray, Gateway  
  119  12:57  Void Ray  
  127  13:00  Gateway, Zealot  
  127  13:01  Zealot x3  
  127  13:02  Gateway  
  135  13:25  Zealot x4  
  135  13:26  Zealot  
  139  13:54  Stalker x5  
  139  13:55  Stalker  
Tags
 
Add a new tag
Caveats
  • Supply blocks, unpowered buildings, or Contaminate may cause inaccurate times.
  • Supply counts are checked every 10 seconds.